[Event "45th FIDE Olympiad 2024"]
[Site "Budapest"]
[Date "2024.09.11"]
[Round "1.59"]
[White "Schneider, James U"]
[Black "Levitan, Caleb Levi"]
[Result "0-1"]
[ECO "B45"]
[WhiteElo "1486"]
[BlackElo "2193"]
[Annotator "NA RC"]
[PlyCount "38"]
[EventDate "2024.09.05"]
[EventType "team-tourn"]
[EventCountry "HUN"]
[SourceTitle "playchess.com"]
[Source "ChessBase"]
[SourceQuality "1"]
[WhiteTeam "Saint Vincent and the Grenadines"]
[BlackTeam "South Africa"]
[BlackTeamCountry "RSA"]
[TimeControl "40/5400+30:1800+30"]

1. e4 c5 2. Nc3 e6 3. Nf3 Nc6 4. d4 cxd4 5. Nxd4 Nf6 6. Be3 Bb4 7. f3 O-O 8. Be2 d5 9. Nxc6 bxc6 10. e5 Nd7 11. f4 c5 12. Bd2 d4 13. Nb5 Bxd2+ 14. Qxd2 f6 15. Bc4 fxe5 16. Bxe6+ Kh8 17. fxe5 Qh4+ 18. g3 Qe4+ 19. Qe2 Qxh1+ 0-1

[Event "45th FIDE Olympiad 2024"]
[Site "Budapest"]
[Date "2024.09.11"]
[Round "1.60"]
[White "Onyshchuk, Volodymyr"]
[Black "Amdouni, Zoubaier"]
[Result "1-0"]
[ECO "B31"]
[WhiteElo "2610"]
[BlackElo "2151"]
[Annotator "TA"]
[PlyCount "85"]
[EventDate "2024.09.05"]
[EventType "team-tourn"]
[EventCountry "HUN"]
[SourceTitle "playchess.com"]
[Source "ChessBase"]
[SourceQuality "1"]
[WhiteTeam "Ukraine"]
[BlackTeam "Tunisia"]
[WhiteTeamCountry "UKR"]
[BlackTeamCountry "TUN"]
[TimeControl "40/5400+30:1800+30"]

1. e4 c5 2. Nf3 Nc6 3. Bb5 g6 4. Bxc6 dxc6 5. h3 Bg7 6. d3 Nf6 7. Nc3 Nd7 8. Be3 e5 9. Qd2 h6 10. O-O b6 11. Nh2 Nf8 {[%emt 0:00:14] White has an edge.} 12. f4 exf4 13. Bxf4 Be6 14. Nf3 g5 15. Bh2 Ng6 16. Rae1 f6 17. Nd1 Qd7 18. Ne3 O-O-O {[%emt 0:02:36][%cal Oh6h5] [#]} 19. Nf5 $1 Bxf5 (19... Kb7 20. Nxg7) 20. exf5 Ne7 21. g4 h5 22. Re6 {[%emt 0:03:11] Qe1 is the strong threat. White is more active.} hxg4 23. hxg4 Nd5 24. Rfe1 Bf8 25. R1e4 Rh6 26. Qe1 Nc7 (26... Kb7 $14) 27. Bxc7 $16 Qxc7 28. Re8 {[%emt 0:01:38] Black must now prevent Rxd8+.} Qd7 {[%emt 0:03:09] [#] Black cannot hold the game after this.} (28... Qf7 $16) 29. R4e6 $1 $18 (29. Rxd8+ Kxd8 30. Re6 Kc7) 29... Bd6 {[%emt 0:00:06] [#]} 30. Rxd8+ Kxd8 {[%emt 0:00:06] Black is weak on the light squares} 31. Nxg5 {[%emt 0:00:41][%cal Oe6d6] Hoping for Rxd6!} Bh2+ (31... Be5 {was worth a try.} 32. Qe4 Rh8) 32. Kg2 Be5 33. Nf3 {[%emt 0:07:05] Wards off Rh2+} Qh7 (33... Bxb2 $142 34. c3 (34. Qe4 Rh7 $18) 34... Rh8 35. Rxf6 Rg8) 34. Rxe5 (34. Rxc6 $2 {perishes.} Rh2+ 35. Nxh2 Qxh2+ 36. Kf3 Qf4+ (36... Qxc2 $2 37. Qf1 $16) (36... Qh3+ $2 37. Ke2 $19) 37. Ke2 Qxg4+ 38. Kd2 (38. Ke3 $2 Bf4+ 39. Kf2 Bg3+ 40. Ke3 Bxe1 $19) 38... Qg2+ (38... Qxf5 $2 39. Qh1 $18) 39. Kc1 Qxc6 $19) 34... fxe5 {[%emt 0:00:25][%mdl 4096] Endgame. KQR-KQN} 35. g5 Rd6 36. Qxe5 Qe7 37. Qf4 Rd5 38. f6 Qd6 39. Qe4 {[%emt 0:01:22] Threatens to win with f7.} c4 (39... Rxg5+ $142 40. Nxg5 Qxf6) 40. f7 Qe7 41. Qf4 (41. Qxc4 Qxf7 42. Kg3 (42. Qxc6 Rc5 $16) 42... Qe6 $11) 41... Qf8 42. g6 (42. Qxc4 Qxf7 43. Qxc6 Rc5 44. Qd6+ Kc8 $11) (42. Qf6+ $142 Kc7 43. g6 (43. dxc4 Rd6 $18) 43... b5 44. g7 Qc5 45. f8=Q (45. g8=R Rf5 $18) 45... cxd3 46. Q6f7+ (46. g8=R Qxc2+ 47. Kg3 Kb6 48. Qb8+ Ka6 49. Rg7 Qc5) 46... Kb6 47. Qb8+ (47. g8=R Ka6 48. b4 Qxf8 49. Rxf8 Rc5 50. Rb8 Rxc2+ 51. Kg3 Rg2+ 52. Kxg2 d2 53. Qb7#) 47... Ka6 48. Qbb7+ (48. g8=R Qxc2+ 49. Kg3 Qc5 50. Qfb7+ Ka5 51. Q7xa7+ Qxa7 52. Qxa7+ Kb4 53. Rg4+ Rd4 54. Rxd4#) 48... Ka5 49. Qfc7+ (49. g8=B Qxc2+ 50. Kg3 Qxb2 51. Qxa7+ Kb4 52. Qf4+ Qd4 53. Nxd4 Rg5+ 54. Qxg5 Kc3 55. Qac5+ Kb2 56. Qgc1#) (49. Qxa7+ Qxa7 50. Qxa7+ Kb4 51. c3+ Kc4 52. Nd2#) 49... Ka4 50. Qa6+ (50. g8=R Qxc2+ 51. Kg3 Qxb2 52. Qxa7+ Kb4 53. Rg4+ Rd4 54. Qca5+ Kc4 55. Rxd4+ Qxd4 56. Qxd4#) 50... Kb4 51. Qca5+ Kc4 52. Qc3#) 42... cxd3 43. Qf6+ {[%emt 0:00:00] Weighted Error Value: White=0.22 (precise) /Black=0.73.  Mistake:       	---       	Black=5      Inaccurate:     	White=2     	Black=5      OK:         	White=15    	Black=11     Best:        	White=6     	Black=2      Strong:       	White=1     	---} 1-0

[Event "45th FIDE Olympiad 2024"]
[Site "Budapest"]
[Date "2024.09.11"]
[Round "1.61"]
[White "Sarana, Alexey"]
[Black "Juarez Flores, Carlos A."]
[Result "1-0"]
[ECO "D34"]
[WhiteElo "2713"]
[BlackElo "2308"]
[Annotator "TA"]
[PlyCount "75"]
[EventDate "2024.09.05"]
[EventType "team-tourn"]
[EventCountry "HUN"]
[SourceTitle "playchess.com"]
[Source "ChessBase"]
[SourceQuality "1"]
[WhiteTeam "Serbia"]
[BlackTeam "Guatemala"]
[WhiteTeamCountry "SRB"]
[BlackTeamCountry "GUA"]
[TimeControl "40/5400+30:1800+30"]

1. d4 d5 2. c4 e6 3. Nf3 Be7 4. g3 Nf6 5. Bg2 O-O 6. Nc3 c5 7. cxd5 exd5 8. O-O Nc6 9. dxc5 Bxc5 10. Bg5 Be6 11. Rc1 Be7 12. Be3 Qa5 13. Qa4 Rfd8 14. Qxa5 {[%emt 0:10:17] White is slightly better.} Nxa5 15. Nb5 {[%emt 0:00:03][%cal Ob5c7] Nc7! would now be deadly.} Bd7 16. Nbd4 Nc4 {[%emt 0:01:58][%cal Oc4e3] Against Ne5} 17. Bf4 Nxb2 18. Rb1 Na4 19. Rxb7 Nc5 20. Rb2 Na4 21. Rb3 Nc5 22. Rbb1 Nfe4 23. Rfc1 f6 {[%emt 0:09:08] Dodges Ne5} 24. Nd2 Rac8 25. h4 h6 26. Be3 a6 27. Nxe4 dxe4 28. Rb6 {[%emt 0:00:16] White is more active.} Kf7 29. h5 Bg4 $2 {[%emt 0:02:38] [#]} (29... Rb8 $14 30. Rxb8 Rxb8) 30. Nc6 $18 Rd5 31. Nxe7 Kxe7 32. Rb4 {[%emt 0:04:27] And now Rbc4 would win.} Be6 33. f3 ({But not} 33. Bxe4 $6 Nxe4 34. Rxc8 (34. Rxe4 $2 Rxc1+ 35. Bxc1 Rd1+ 36. Kg2 Rxc1 $19) 34... Bxc8 $11) (33. Rbc4 $142 Rd1+ 34. Rxd1 Bxc4 35. Rc1) 33... a5 $16 34. Rb6 ({Don't do} 34. fxe4 Rd1+ 35. Rxd1 axb4 $14) 34... Bd7 35. fxe4 Nxe4 {[%emt 0:01:52][%mdl 8192] [#]} 36. Rxc8 $1 $18 ({And not} 36. Bxe4 Rxc1+ 37. Bxc1 Rd1+ 38. Kg2 Rxc1 $11) 36... Bxc8 37. Bxe4 {[%emt 0:01:01] This pair of bishops is nice.} Re5 38. Bb7 $1 {[%emt 0:00:16] Weighted Error Value: White=0.13 (very precise) /Black=0.36.  Loses game:     	---       	Black=2      Mistake:       	White=1     	---        Inaccurate:     	White=3     	Black=2      OK:         	White=8     	Black=9      Best:        	White=2     	Black=3      Strong:       	White=2     	---} 1-0

[Event "45th FIDE Olympiad 2024"]
[Site "Budapest"]
[Date "2024.09.11"]
[Round "1.61"]
[White "Arab, Adlane"]
[Black "Koumba, Mounguen Jose Evrard"]
[Result "1-0"]
[ECO "A70"]
[WhiteElo "2477"]
[BlackElo "1957"]
[Annotator "TA"]
[PlyCount "101"]
[EventDate "2024.09.05"]
[EventType "team-tourn"]
[EventCountry "HUN"]
[SourceTitle "playchess.com"]
[Source "ChessBase"]
[SourceQuality "1"]
[WhiteTeam "Algeria"]
[BlackTeam "Gabon"]
[WhiteTeamCountry "ALG"]
[BlackTeamCountry "GAB"]
[TimeControl "40/5400+30:1800+30"]

1. d4 Nf6 2. c4 g6 3. Nc3 c5 4. d5 Bg7 5. e4 d6 6. Bd3 O-O 7. h3 e6 8. Nf3 exd5 9. cxd5 b5 10. Nxb5 Re8 11. O-O Nxe4 12. Re1 a6 13. Na3 f5 (13... Nf6 $1 $11) 14. Nc4 $16 Nf6 15. Rxe8+ {White is clearly better.} Nxe8 16. Bg5 Nf6 17. Qb3 {Dodges Bb7. Re1 would now be deadly.} Nbd7 18. Re1 Rb8 19. Qd1 {White is much more active.} Nb6 {[#]} 20. Na5 Bd7 21. b3 (21. Bxa6 Ra8 22. Nc6 Qc7 $16 (22... Bxc6 23. dxc6 Rxa6 24. Re6 $11)) (21. Nc6 $16 Bxc6 22. dxc6) 21... Qc7 22. Qd2 (22. Bxa6 Ra8 23. Re7 h6 $17 (23... Rxa6 24. Qe2 $14)) 22... Re8 {[#]} 23. Rxe8+ (23. Bxa6 Ne4 24. Qd3 c4 25. Nxc4 (25. Bxc4 $2 Qc5 $19) 25... Ra8 $17) (23. Bxf6 $1 $16 Bxf6 24. Rxe8+ (24. Bxa6 Ra8 $16) 24... Bxe8 25. Bxa6) 23... Bxe8 $11 24. Bxf6 Bxf6 25. Bxa6 Bf7 26. Bc4 Qe7 27. Qd3 {Hoping for Nc6.} (27. a4 {with more complications.} Qe4 28. h4 Kg7 29. Ng5) 27... Qe4 28. a4 Qxd3 (28... Nxd5 29. Qd2 Bc3 30. Qd1 Bxa5 31. Ng5 $18) 29. Bxd3 Bxd5 30. Nc4 Nxc4 ({Black should try} 30... Nc8 $1 $15) 31. Bxc4 Bxc4 32. bxc4 $15 {[%mdl 4096] Endgame. And now a5 would win. KB-KN} Bc3 33. Kf1 Kf8 34. Ke2 Ke7 35. Kd3 Bf6 36. g4 (36. a5 Kd7 $16) 36... Kd7 37. gxf5 gxf5 38. Ke3 Be5 (38... Kc6 $11 {remains equal.}) 39. Nh4 $16 Bd4+ $2 {This move loses the game for Black.} (39... Ke6 $16 {is more resistant.} 40. a5 d5) 40. Kf3 $18 f4 41. Ng2 (41. Kxf4 Bxf2 42. Nf5 Kc6 $14) (41. Nf5 $142 {[%cal Of5d4] aiming for Nxd4!} Be5 42. Ke4) 41... Kc6 $2 (41... d5 {is a better chance.}) 42. Nxf4 {Nd5 is the strong threat.} Kb6 43. Ne6 {Black must now prevent Nxd4.} Bb2 44. Ke4 Kc6 45. a5 Bc3 46. a6 {Threatens to win with a7.} Bf6 47. f4 Kb6 48. Ng5 (48. Nf8 $142 Bb2 49. Nxh7 (49. Kd5 h5 $18) 49... Kc6 50. a7 Kb7 51. Kd5 Kxa7 52. f5 (52. Kxd6 Kb6 $18) 52... Kb6 53. f6 (53. Kxd6 Bc1 $18)) 48... Kxa6 49. Nxh7 {White mates.} Be7 50. f5 Ka5 51. f6 {Weighted Error Value: White=0.18 (very precise) /Black=0.72.  Loses game:     	---       	Black=1      Mistake:       	White=3     	Black=4      Inaccurate:     	White=3     	Black=3      OK:         	White=11    	Black=12     Best:        	White=4     	---} 1-0

[Event "45th FIDE Olympiad 2024"]
[Site "Budapest"]
[Date "2024.09.11"]
[Round "1.62"]
[White "Giron Chavez, David Emanuel"]
[Black "Indjic, Aleksandar"]
[Result "0-1"]
[ECO "E49"]
[WhiteElo "2065"]
[BlackElo "2611"]
[Annotator "TA"]
[PlyCount "80"]
[EventDate "2024.09.05"]
[EventType "team-tourn"]
[EventCountry "HUN"]
[SourceTitle "playchess.com"]
[Source "ChessBase"]
[SourceQuality "1"]
[WhiteTeam "Guatemala"]
[BlackTeam "Serbia"]
[WhiteTeamCountry "GUA"]
[BlackTeamCountry "SRB"]
[TimeControl "40/5400+30:1800+30"]

1. d4 Nf6 2. c4 e6 3. Nc3 Bb4 4. e3 O-O 5. Bd3 d5 6. a3 Bxc3+ 7. bxc3 dxc4 8. Bxc4 c5 9. Ne2 Nc6 10. O-O e5 11. a4 Qc7 12. Ba3 Na5 13. Ba2 {[%emt 0:07:20] The position is equal.} b6 14. Rc1 Rd8 15. Qc2 Ba6 16. Rfd1 Bc4 17. Bxc4 Nxc4 18. Qa2 Nxa3 19. Qxa3 Ne4 20. f3 Nd6 21. Kf2 Qe7 {[%emt 0:03:07] [#] ...cxd4 is the strong threat.} 22. Qa2 e4 {[%emt 0:08:40] aiming for ...exf3.} 23. dxc5 Nf5 {[%emt 0:04:34] Threatens to win with ...exf3.} 24. f4 (24. Nd4 $11 {remains equal.} Qh4+ (24... Qxc5 25. Nxf5 Qxf5 26. Qb1 $11) 25. Kg1 Nxe3 26. Re1 bxc5 27. Nc6 (27. Rxe3 cxd4 28. cxd4 exf3 $17)) 24... Rd3 $17 {[%emt 0:01:14] Black is more active.} (24... bxc5 25. Rd5 g6 26. Ng3 $11) 25. Nd4 (25. Qb1 $142) 25... Nxe3 (25... Qxc5 $6 26. Qb1 $11) 26. Re1 {[%emt 0:02:19] [#] This move loses the game for White.} (26. Rxd3 $17 {is the only way for White.} exd3 27. Qd2) 26... Qh4+ 27. Kg1 bxc5 28. Nb3 Rc8 ({Resist} 28... Qxf4 29. Nxc5 Rd6 (29... Ng4 $2 30. g3 $19) 30. Qe2 Nxg2 (30... Ng4 31. g3 $17) 31. Qxe4 $19 (31. Qxg2 $2 Rg6 $19)) 29. g3 {[%emt 0:01:06] White is weak on the light squares} Qh3 30. Qf2 Ng4 31. Qg2 Qxg2+ 32. Kxg2 f5 {[%emt 0:00:02] Hoping for ...Rb8.} 33. h3 Ne3+ 34. Kf2 Nc4 35. Kg2 $2 (35. g4) 35... Rb8 $19 36. Nxc5 Rb2+ 37. Kh1 Rdd2 38. Rcd1 Rh2+ 39. Kg1 Rbg2+ 40. Kf1 Nd2+ $2 {[%emt 0:00:05] Weighted Error Value: White=0.63/Black=0.11 (very precise) .  Loses game:     	White=1     	---        Mistake:       	White=3     	---        Inaccurate:     	White=4     	Black=1      OK:         	White=7     	Black=9      Best:        	White=1     	Black=4} (40... e3 {mates} 41. a5 Rxg3 (41... Nxa5 $2 42. Rd8+ Kf7 43. Rd7+ Kg6 44. Rd6+ Kh5 45. Ne6 $19) (41... e2+ {gets mated.} 42. Rxe2 Rxe2 43. Rd8+ Kf7 44. Rd7+ Kg6 45. Rd3 Nd2+ 46. Rxd2 Rxd2 47. Kg1 Rdg2+ 48. Kf1 Rc2 49. Kg1 Rhd2 50. Nd3 Rd1+ 51. Ne1 Rxe1#) 42. Ne4 fxe4 (42... Nd2+ $2 43. Rxd2 Rf3+ 44. Kg1 $19) 43. Rd8+ Kf7 44. Rd7+ Ke8 45. Rd8+ Kxd8 46. Rd1+ Nd2+ 47. Rxd2+ exd2 48. f5 d1=Q#) 0-1

[Event "45th FIDE Olympiad 2024"]
[Site "Budapest"]
[Date "2024.09.11"]
[Round "1.62"]
[White "Bongo Akanga Ndjila, Barthelemy"]
[Black "Djabri, Massinas"]
[Result "0-1"]
[ECO "E94"]
[WhiteElo "1894"]
[BlackElo "2280"]
[Annotator "ChessBase"]
[PlyCount "66"]
[EventDate "2024.09.05"]
[EventType "team-tourn"]
[EventCountry "HUN"]
[SourceTitle "playchess.com"]
[Source "ChessBase"]
[SourceQuality "1"]
[WhiteTeam "Gabon"]
[BlackTeam "Algeria"]
[WhiteTeamCountry "GAB"]
[BlackTeamCountry "ALG"]
[TimeControl "40/5400+30:1800+30"]

1. d4 Nf6 2. c4 g6 3. Nc3 Bg7 4. e4 d6 5. Be2 O-O 6. Nf3 Nbd7 7. O-O e5 8. d5 Nc5 9. Nd2 a5 10. Re1 Nfd7 11. Nf1 f5 12. exf5 gxf5 13. f4 Ne4 14. fxe5 Bxe5 15. Nxe4 fxe4 16. Bh6 Rxf1+ 17. Rxf1 Qh4 18. g3 Qxh6 19. Bg4 Nb6 20. Bf5 Bxf5 21. Rxf5 Qg6 22. Qf1 Nxc4 23. Qh3 Ne3 24. Rf2 Ng4 25. Re2 Bd4+ 26. Kg2 Rf8 27. Rf1 Rxf1 28. Kxf1 Qf5+ 29. Ke1 e3 30. Rg2 h5 31. Ke2 Bxb2 32. Qh4 Bf6 33. Qh3 Qxd5 0-1

[Event "45th FIDE Olympiad 2024"]
[Site "Budapest"]
[Date "2024.09.11"]
[Round "1.63"]
[White "Markus, Robert"]
[Black "Galvez Dastin, Eduardo"]
[Result "1-0"]
[ECO "D45"]
[WhiteElo "2586"]
[BlackElo "2100"]
[Annotator "TA"]
[PlyCount "117"]
[EventDate "2024.09.05"]
[EventType "team-tourn"]
[EventCountry "HUN"]
[SourceTitle "playchess.com"]
[Source "ChessBase"]
[SourceQuality "1"]
[WhiteTeam "Serbia"]
[BlackTeam "Guatemala"]
[WhiteTeamCountry "SRB"]
[BlackTeamCountry "GUA"]
[TimeControl "40/5400+30:1800+30"]

1. d4 d5 2. Nf3 Nf6 3. c4 c6 4. Nc3 e6 5. e3 Nbd7 6. Qc2 Bd6 7. Be2 O-O 8. O-O e5 9. cxd5 cxd5 10. dxe5 {[%emt 0:03:18] was the old line (10.Nb5).} Nxe5 11. Rd1 Be6 12. Bd2 {[%emt 0:04:58] D45: Semi-Slav: 5 e3.} Rc8 13. Be1 Nxf3+ $146 ({Predecessor:} 13... a6 14. Rac1 b5 15. a3 Qb6 16. Qb1 Bb8 17. Nd4 Bd7 18. g3 Rfe8 19. Qa2 Qd6 {0-1 Damljanovic,B (2582)-Ivanisevic,I (2645) EU-ch 13th Plovdiv 2012 (6)}) 14. Bxf3 Bb8 15. Qe2 Qc7 16. g3 Qe5 17. Nb5 Ne4 18. Nd4 Bh3 19. Rac1 a6 {[%emt 0:00:36] Prevents Qb5} 20. Rxc8 Rxc8 21. Bg4 Bxg4 22. Qxg4 Rd8 23. Bc3 {[%emt 0:09:47][%cal Od4c6] And now Nc6! would win.} Nxc3 24. bxc3 g6 25. Ne2 h5 26. Qb4 Qf5 27. Qe7 Qc8 28. Qg5 Rd6 29. Rxd5 (29. Nf4 $1 $16) 29... Qc4 $14 30. Rxd6 Bxd6 31. Qd8+ Kg7 (31... Bf8 $14 32. Qd2 Bg7) 32. Qxd6 $16 Qxe2 33. Qd4+ Kg8 34. a3 b5 35. Kg2 (35. a4 $1 $14) 35... Qa2 36. Qc5 Qe6 37. Qd4 Qa2 38. Qb4 Qd5+ 39. e4 Qc6 40. Qd4 Kf8 41. h3 f5 ({Better is} 41... Kg8 $14) 42. f3 ({White should play} 42. Kf3 $1 $18) 42... fxe4 (42... Qe6 $16) 43. fxe4 $18 Qe6 {[%emt 0:08:55] [#]} 44. Kf3 $1 {[%emt 0:01:20] Threatens to win with Kf4.} Qxh3 (44... h4 $16 45. Qh8+ (45. gxh4 Qxh3+ 46. Kf4 Qxh4+ 47. Ke5 Qe7+ 48. Kd5 Kf7 $11) 45... Kf7) 45. Qf6+ $18 Ke8 {[%emt 0:00:38] ( -> ...Qf1+)} 46. Qxg6+ (46. Qxa6 Qf1+ 47. Ke3 Qg1+ 48. Kf3 Qf1+ 49. Ke3 Qe1+ 50. Kd4 Qf2+ 51. Kd5 Qxg3 $11) 46... Ke7 47. Kf4 (47. Qxa6 Qf1+ 48. Ke3 Qe1+ 49. Kf3 Qf1+ (49... Qxc3+ 50. Ke2 $11) 50. Ke3 Qe1+ 51. Kd4 Qxg3 52. Qb7+ (52. Qxb5 Qg1+ 53. Kd5 Qg8+ 54. Kd4 Qg1+ 55. Kd5 Qg5+ 56. e5 Qg2+ 57. Kd4 Qg4+ 58. Kc5 Qf3 $11) 52... Kf6 $11) 47... Qf1+ {[%emt 0:01:56] [#]} 48. Ke5 $1 {[%emt 0:00:20] aiming for Qe6+.} Qe1 $2 (48... Qg2 49. Qg7+ (49. Qxa6 Qxg3+ 50. Kf5 Qg4+ 51. Ke5 Qg5+ 52. Kd4 Qd2+ 53. Ke5 Qxc3+ 54. Kf5 Qf3+ 55. Kg5 Qg4+ 56. Kh6 h4 $11) 49... Ke8) 49. Qg7+ $18 (49. Qxa6 Qxg3+ 50. Kd5 Qd3+ 51. Ke5 Qg3+ (51... Qxc3+ 52. Kf5 $11) 52. Kd5 Qg5+ 53. Kd4 Qf6+ 54. Qxf6+ Kxf6 $11) 49... Ke8 50. Kd6 Qd2+ 51. Qd4 Qh6+ 52. Kd5 (52. Kc7 $142) 52... Qc1 (52... Kf7 $18 53. Qe5 h4) 53. Qh8+ Kd7 54. Qg7+ (54. Qxh5 Qd2+ 55. Ke5 Qxc3+ 56. Kf5 Qxa3 $11) 54... Kd8 55. Kc6 (55. Ke6 $142 Qd1 56. Qe7+ (56. Qd4+ Qxd4 57. cxd4 a5 $18) 56... Kc8 57. Qc5+ Kb8 58. Qd6+ Qxd6+ 59. Kxd6 Kb7 60. e5) 55... Ke8 $18 56. Qe5+ Kf8 57. Qc5+ Kg7 58. Kb6 (58. Qxh5 Qxc3+ 59. Qc5 Qxg3 $18) (58. e5 $142) 58... Qe1 59. Qe5+ ({Not} 59. Kxa6 Qxg3 60. Qe7+ (60. Kxb5 h4 $11) (60. Qxh5 Qxc3 61. Qg4+ Kf6 $11) 60... Kg8 $16) 1-0

[Event "45th FIDE Olympiad 2024"]
[Site "Budapest"]
[Date "2024.09.11"]
[Round "1.64"]
[White "Aragon Trujillo, Ricardo M."]
[Black "Ivic, Velimir"]
[Result "0-1"]
[ECO "B50"]
[WhiteElo "2057"]
[BlackElo "2599"]
[Annotator "TA"]
[PlyCount "50"]
[EventDate "2024.09.05"]
[EventType "team-tourn"]
[EventCountry "HUN"]
[SourceTitle "playchess.com"]
[Source "ChessBase"]
[SourceQuality "1"]
[WhiteTeam "Guatemala"]
[BlackTeam "Serbia"]
[WhiteTeamCountry "GUA"]
[BlackTeamCountry "SRB"]
[TimeControl "40/5400+30:1800+30"]

1. e4 c5 2. Nf3 d6 3. c3 Nf6 4. h3 Nc6 5. Bd3 g5 6. Bc2 ({Much worse is} 6. Nxg5 Rg8 7. Nf3 Rxg2 $15) 6... g4 7. hxg4 Bxg4 8. Qe2 {[%emt 0:05:27] White has an edge.} h5 9. d3 Qc7 10. a4 (10. Bb3 $11) 10... d5 $15 11. Na3 a6 {[%emt 0:03:05] Wards off Nb5} 12. Rb1 O-O-O {[%emt 0:02:38][%cal Oh5h4] Black is more active.} 13. Bd1 {[%emt 0:18:28] [#]} (13. Bg5 $17 {was worth a try.}) 13... c4 $1 $19 {[%emt 0:03:54][%mdl 512] Hoping for ...cxd3.} 14. exd5 (14. e5 cxd3) 14... cxd3 15. Qxd3 Nxd5 ({Resist} 15... Rxd5 16. Qc4 $17) 16. Qc4 e6 17. b4 Bg7 18. Bb2 (18. Bd2 $17) 18... Nb6 19. Qe2 Ne5 20. a5 (20. Kf1 $142 Nd5 21. Ra1) 20... Nd5 {[%emt 0:00:48] [#] ...Nf4 is the strong threat.} 21. O-O Nxf3+ 22. gxf3 Bh3 23. Re1 Rhg8 24. Kh1 Bxc3 {[%emt 0:00:31] ( -> ...Bg2+)} 25. Rc1 Bg2+ {[%emt 0:00:10][%mdl 32768] Black took control after the opening.   Weighted Error Value: White=1.35/Black=0.36.  Loses game:     	White=1     	---        Mistake:       	White=3     	---        Inaccurate:     	White=2     	---        OK:         	White=5     	Black=7      Best:        	---       	Black=2     . Loss on time!?} 0-1

[Event "45th FIDE Olympiad 2024"]
[Site "Budapest"]
[Date "2024.09.11"]
[Round "1.65"]
[White "Pace, Colin"]
[Black "Martirosyan, Haik M."]
[Result "0-1"]
[ECO "C54"]
[WhiteElo "2186"]
[BlackElo "2667"]
[Annotator "TA"]
[PlyCount "46"]
[EventDate "2024.09.05"]
[EventType "team-tourn"]
[EventCountry "HUN"]
[SourceTitle "playchess.com"]
[Source "ChessBase"]
[SourceQuality "1"]
[WhiteTeam "Malta"]
[BlackTeam "Armenia"]
[WhiteTeamCountry "MLT"]
[BlackTeamCountry "ARM"]
[TimeControl "40/5400+30:1800+30"]

1. e4 e5 2. Nf3 Nc6 3. Bc4 Bc5 4. c3 Nf6 5. d3 a6 6. Bb3 Ba7 7. O-O d6 8. Nbd2 h6 9. Re1 $1 g5 {[%cal Bg7g5,Bg5g4][%mdl 32] [#]} 10. d4 $1 g4 {The position is equal.} 11. Nh4 exd4 12. Nc4 (12. cxd4 $11 Nxd4 13. Nf5) 12... Be6 ({Black should try} 12... b5 $1 $15 13. e5 Be6 14. exf6 Qxf6 15. Nxd6+ cxd6 16. Qxg4 dxc3) 13. e5 $2 (13. cxd4 $11 Bxd4 14. Nf5 Bxf5 15. exf5+ Kf8 16. Ne3) 13... d5 14. exf6 Qxf6 15. Na5 Nxa5 $19 (15... Qxh4 16. Nxc6 bxc6 17. cxd4 $11) 16. Bxd5 dxc3 (16... Qxh4 17. Qa4+ Nc6 18. Bxc6+ bxc6 19. Qxc6+ Ke7 20. Bf4 $19) 17. Be3 (17. Qa4+ Kf8 18. Rf1 (18. Ng6+ $2 fxg6 19. Be3 Bxd5 $19) 18... Bxd5 19. Qxa5) 17... Bxe3 {Black is clearly winning.} (17... Qxh4 18. Qa4+ (18. bxc3 $2 O-O-O $19) (18. Bxe6 O-O $11) 18... c6 19. Bxa7 $11) 18. Rxe3 cxb2 ({Weaker is} 18... Qxh4 19. Bxe6 O-O (19... fxe6 20. Rxe6+ Kf8 21. Qd3 $16) 20. Rg3 $11 (20. Bxg4 Rad8 $15)) 19. Rb1 O-O-O ({Less strong is} 19... Qxh4 20. Bxe6 O-O (20... fxe6 21. Rxe6+ Kf8 22. Qc2 $11) 21. Bxg4 $11) 20. Bxe6+ fxe6 21. Qe1 (21. Qxg4 $142 Rd4 22. Qxe6+ Qxe6 23. Rxe6) 21... Nc4 22. Rxe6 Qxh4 23. Qc3 {[#]} g3 $1 {Weighted Error Value: White=1.19/Black=0.20 (precise) .  Loses game:     	White=2     	---        Mistake:       	White=2     	Black=1      Inaccurate:     	---       	Black=1      OK:         	White=5     	Black=8      Strong:       	White=1     	---} 0-1